[Event "ICC tourney 2967 (30 10)"]
[Site "Internet Chess Club"]
[Date "2022.07.23"]
[Round "2"]
[White "YAN, BENJAMIN:i2good4u734"]
[Black "LOCHAM, DIVJOT SINGH:winner08"]
[Result "1-0"]
[ICCResult "Black checkmated"]
[WhiteElo "1967"]
[BlackElo "1750"]
[Opening "King's Indian: London system"]
[ECO "A45"]
[NIC "QP.03"]
[Time "14:00:22"]
[PlyCount "145"]
[TimeControl "1800+10"]

1. d4 Nf6 2. Bf4 g6 3. Nf3 Bg7 4. Nc3 d5 5. e3 O-O 6. Ne5 Nbd7 7. Be2 e6 8.
h4 c5 9. h5 Nxe5 10. Bxe5 Nd7 11. Bxg7 Kxg7 12. dxc5 h6 13. e4 dxe4 14. hxg6
fxg6 15. Qd2 g5 16. Nxe4 Rf5 17. O-O-O Qe7 18. g4 Rd5 19. Qc3+ Nf6 20. Rxd5
exd5 21. Qxf6+ Qxf6 22. Nxf6 Kxf6 23. Rxh6+ Kg7 24. Rd6 b6 25. c6 d4 26. Rd8
a5 27. c7 Kf6 28. Bd3 Ke7 29. Bf5 Bxf5 30. Rxa8 Bxg4 31. c8=Q Bxc8 32. Rxc8
Kf6 33. Rc6+ Ke5 34. Rxb6 Kf4 35. Rf6+ Ke4 36. Kd2 g4 37. a3 a4 38. b3 axb3
39. cxb3 d3 40. a4 Ke5 41. Rf8 Kd4 42. Rf4+ Ke5 43. Rxg4 Kf5 44. Rc4 Ke5 45.
Kxd3 Kd5 46. b4 Kd6 47. Rc5 Kd7 48. Kd4 Kd8 49. Kd5 Kd7 50. Rc6 Kd8 51. b5
Kd7 52. b6 Ke7 53. a5 Kd7 54. Rc7+ Kd8 55. Kd6 Ke8 56. b7 Kf8 57. a6 Ke8 58.
a7 Kd8 59. f4 Ke8 60. a8=B Kd8 61. b8=N Ke8 62. f5 Kd8 63. f6 Ke8 64. Rg7
Kd8 65. Nc6+ Ke8 66. Ne5 Kf8 67. Ng6+ Ke8 68. Bc6+ Kd8 69. Rd7+ Kc8 70. Ne7+
Kb8 71. Rb7+ Ka8 72. Rb6+ Ka7 73. Nc8# {Black checkmated} 1-0

[Event "ICC tourney 2967 (30 10)"]
[Site "Internet Chess Club"]
[Date "2022.07.23"]
[Round "2"]
[White "Mitrabha, Guha:babysnake"]
[Black "LEE, JUSTIN:SMJ07"]
[Result "1/2-1/2"]
[ICCResult "Game drawn by mutual agreement"]
[WhiteElo "2468"]
[BlackElo "1984"]
[Opening "QGD Slav: 3.Nf3"]
[ECO "D11"]
[NIC "SL.01"]
[Time "14:00:24"]
[PlyCount "122"]
[TimeControl "1800+10"]

1. d4 d5 2. c4 c6 3. Nf3 Nf6 4. Qc2 dxc4 5. Qxc4 Bf5 6. Nc3 e6 7. g3 Be7 8.
Bg2 O-O 9. O-O Nbd7 10. Bg5 h6 11. Bxf6 Bxf6 12. Rad1 Bc2 13. Rc1 Nb6 14.
Qc5 Be7 15. Qa5 Bh7 16. e3 Nc4 17. Qxd8 Rfxd8 18. b3 Nb6 19. Ne5 Ba3 20.
Rcd1 a5 21. Be4 Bxe4 22. Nxe4 Nd5 23. g4 f5 24. Nd2 Nc3 25. Rde1 Bb4 26. a4
Ne4 27. Nxe4 Bxe1 28. Nc5 Bb4 29. Nxe6 Rdc8 30. gxf5 Be7 31. Kh1 Kh7 32. Rg1
Rg8 33. e4 Bf6 34. Ng6 Rae8 35. e5 Rxe6 36. fxe6 Bg5 37. f4 Kxg6 38. fxg5
hxg5 39. Rf1 Re8 40. Rf7 b6 41. Rb7 Rxe6 42. Rxb6 Kf5 43. b4 axb4 44. a5 c5
45. dxc5 Rxe5 46. Rb5 Re1+ 47. Kg2 Re2+ 48. Kg3 Ra2 49. c6+ Ke6 50. Rc5 Ra3+
51. Kf2 Rc3 52. Rxg5 Rxc6 53. Ke3 b3 54. Rb5 Rc2 55. h4 Rh2 56. h5 b2 57. a6
Rxh5 58. Rxb2 Ra5 59. Rb6+ Kd5 60. Rg6 Ra3+ 61. Kf4 Kc5
{Game drawn by mutual agreement}
1/2-1/2

[Event "ICC tourney 2967 (30 10)"]
[Site "Internet Chess Club"]
[Date "2022.07.23"]
[Round "2"]
[White "HEBDEN, MARK L:mhebden"]
[Black "LIU, ERIC CHANG:el008"]
[Result "1/2-1/2"]
[ICCResult "Game drawn by repetition"]
[WhiteElo "2519"]
[BlackElo "2037"]
[Opening "QGD: Tartakower (Makagonov-Bondarevsky) system"]
[ECO "D58"]
[NIC "QO.10"]
[Time "14:00:18"]
[PlyCount "154"]
[TimeControl "1800+10"]

1. d4 Nf6 2. Nf3 d5 3. c4 e6 4. Bg5 Be7 5. Nc3 h6 6. Bh4 O-O 7. e3 b6 8. Bd3
dxc4 9. Bxc4 Bb7 10. O-O a6 11. a4 c5 12. Qe2 Nc6 13. Rfd1 cxd4 14. exd4 Nb4
15. Ne5 Nfd5 16. Bg3 Rc8 17. Rac1 Bg5 18. Rb1 Nf4 19. Bxf4 Bxf4 20. Bb3 Qc7
21. h3 Rfe8 22. Re1 Ba8 23. Rbd1 Qb7 24. f3 Rcd8 25. Qf2 Qc7 26. Qh4 Bxe5
27. Rxe5 Bc6 28. Qe1 Qd7 29. Qe2 Bd5 30. Nxd5 exd5 31. Rc1 a5 32. Re1 Kf8
33. Qd2 f6 34. Rxe8+ Rxe8 35. Re3 Rxe3 36. Qxe3 Qc7 37. f4 Qc6 38. Kf2 Qd6
39. h4 Kf7 40. h5 Qe6 41. Qxe6+ Kxe6 42. Bd1 Nd3+ 43. Ke3 Nxb2 44. Bb3 Nc4+
45. Bxc4 dxc4 46. Kd2 Kd5 47. Kc3 f5 48. g3 b5 49. axb5 a4 50. Kb4 Kxd4 51.
b6 c3 52. b7 c2 53. b8=Q c1=Q 54. Qe5+ Kd3 55. Qxf5+ Ke3 56. Qe5+ Kf3 57.
Kxa4 Qc6+ 58. Ka5 Kxg3 59. Qxg7+ Kxf4 60. Qg6 Qc5+ 61. Ka6 Qc4+ 62. Kb6 Qb4+
63. Kc6 Qf8 64. Kd7 Ke5 65. Qe6+ Kf4 66. Qg6 Ke5 67. Qg3+ Qf4 68. Qe1+ Qe4
69. Qc1 Qd5+ 70. Ke7 Qd6+ 71. Kf7 Qe6+ 72. Kg7 Qe7+ 73. Kxh6 Qf6+ 74. Kh7
Qf7+ 75. Kh6 Qf6+ 76. Kh7 Qf7+ 77. Kh6 Qf6+ {Game drawn by repetition}
1/2-1/2

[Event "ICC tourney 2967 (30 10)"]
[Site "Internet Chess Club"]
[Date "2022.07.23"]
[Round "2"]
[White "PARAGUA, MEGAN ALTHEA:PrincessOfChess"]
[Black "DAS, ROHAN:caracal"]
[Result "0-1"]
[ICCResult "White resigns"]
[WhiteElo "1697"]
[BlackElo "1860"]
[Opening "Center game: Paulsen attack"]
[ECO "C22"]
[NIC "KP.04"]
[Time "14:00:15"]
[PlyCount "128"]
[TimeControl "1800+10"]

1. e4 e5 2. d4 exd4 3. Qxd4 Nc6 4. Qe3 b6 5. Nc3 Bc5 6. Qg3 Nf6 7. Bd2 g6 8.
O-O-O Nh5 9. Qf3 Bb7 10. Nd5 Nd4 11. Qc3 c6 12. Nf4 Rg8 13. Nxh5 gxh5 14.
Nf3 Nb5 15. Qe5+ Qe7 16. Qxh5 Bxf2 17. Bc4 O-O-O 18. Bg5 Rxg5 19. Nxg5 Be3+
20. Kb1 Bxg5 21. Bxf7 Bf6 22. Bb3 Qg7 23. Bc4 Bxb2 24. Bxb5 Ba3 25. e5 cxb5
26. Rd3 Bc5 27. Rhd1 Be4 28. R3d2 Bg6 29. Qf3 Kc7 30. Qe2 Bf5 31. h3 Be6 32.
Qxb5 Qxe5 33. a4 Qe4 34. Re2 Qb7 35. Qd3 Qc6 36. Qa6 Kb8 37. Qd3 Rg8 38. Qe4
Qxe4 39. Rxe4 Rxg2 40. Re5 Bxh3 41. Re8+ Kb7 42. Re5 h5 43. Rxh5 Bg4 44. Rg5
Bxd1 45. Rxg2 Bf3 46. Rg7 Bc6 47. a5 b5 48. Rg4 Ka6 49. Kb2 Kxa5 50. Rf4 Kb6
51. Kb3 a5 52. Rf1 Bd5+ 53. Kb2 Bd4+ 54. Kb1 Be5 55. Rf5 d6 56. Rf8 Kc5 57.
Rc8+ Kb4 58. Rf8 a4 59. c3+ Kb3 60. c4 a3 61. Rf2 a2+ 62. Rxa2 Be4+ 63. Kc1
Kxa2 64. cxb5 d5 {White resigns} 0-1

[Event "ICC tourney 2967 (30 10)"]
[Site "Internet Chess Club"]
[Date "2022.07.23"]
[Round "3"]
[White "HU, MERRIC:K09-14686967"]
[Black "Mitrabha, Guha:babysnake"]
[Result "0-1"]
[ICCResult "White resigns"]
[WhiteElo "2035"]
[BlackElo "2468"]
[Opening "Giuoco Piano"]
[ECO "C50"]
[NIC "IG.02"]
[Time "16:00:52"]
[PlyCount "80"]
[TimeControl "1800+10"]

1. e4 e5 2. Nf3 Nc6 3. Bc4 Bc5 4. O-O Nf6 5. d3 d6 6. a4 O-O 7. c3 a5 8. h3
Be6 9. Nbd2 Qb8 10. Bb5 Qa7 11. Bxc6 bxc6 12. Nb3 Bb6 13. Ng5 Bc8 14. Qe2
Rb8 15. Ra3 h6 16. Nf3 Be6 17. c4 Nd7 18. Be3 Bxe3 19. Qxe3 c5 20. Qd2 Rb4
21. Nc1 Rfb8 22. b3 Nf8 23. Kh2 Ng6 24. g3 c6 25. Ne1 f5 26. Nc2 R4b7 27.
exf5 Bxf5 28. Ne3 Be6 29. Qc2 Rf7 30. Ne2 Rbf8 31. Ng1 Rf6 32. Raa1 Qf7 33.
Kg2 h5 34. h4 Nxh4+ 35. gxh4 Rg6+ 36. Kh1 Qf4 37. Ng2 Rxg2 38. Kxg2 Qg4+ 39.
Kh1 Qxh4+ 40. Kg2 Qg5+ {White resigns} 0-1

[Event "ICC tourney 2967 (30 10)"]
[Site "Internet Chess Club"]
[Date "2022.07.23"]
[Round "3"]
[White "PARAGUA, MEGAN ALTHEA:PrincessOfChess"]
[Black "Li, Alex:AlexLi31415"]
[Result "1-0"]
[ICCResult "Black resigns"]
[WhiteElo "1697"]
[BlackElo "1870"]
[Opening "Center game: Paulsen attack"]
[ECO "C22"]
[NIC "KP.04"]
[Time "16:00:16"]
[PlyCount "41"]
[TimeControl "1800+10"]

1. e4 e5 2. d4 exd4 3. Qxd4 Nc6 4. Qe3 Be7 5. Nc3 d6 6. Bd2 Nf6 7. O-O-O O-O
8. f3 Bd7 9. g4 Ne5 10. g5 Nh5 11. f4 Ng6 12. f5 Ngf4 13. h4 d5 14. Nge2
Nxe2+ 15. Bxe2 d4 16. Qxd4 Ng3 17. Rhg1 Nxe2+ 18. Nxe2 b6 19. Bc3 f6 20.
gxf6 Bd6 21. Qd5+ {Black resigns} 1-0

[Event "ICC tourney 2967 (30 10)"]
[Site "Internet Chess Club"]
[Date "2022.07.23"]
[Round "3"]
[White "IVANOV, ALEXANDER:marble"]
[Black "S.M, UMER:uncrackable"]
[Result "1-0"]
[ICCResult "Black resigns"]
[WhiteElo "2354"]
[BlackElo "1812"]
[Opening "Sicilian defense"]
[ECO "B40"]
[NIC "SI.43"]
[Time "16:00:02"]
[PlyCount "59"]
[TimeControl "1800+10"]

1. e4 c5 2. Nf3 e6 3. g3 Nc6 4. Bg2 g6 5. d4 cxd4 6. Nxd4 Nxd4 7. Qxd4 f6 8.
O-O Qc7 9. Nc3 a6 10. Bf4 Qc5 11. Qd3 Nh6 12. e5 f5 13. Rad1 Rb8 14. Rfe1
Ng4 15. Qd2 Bg7 16. h3 Nxe5 17. b4 Qc7 18. Nd5 exd5 19. Qxd5 d6 20. Qxd6
Qxd6 21. Rxd6 Ke7 22. Rb6 Re8 23. Bxe5 Bxe5 24. Rxe5+ Kf8 25. Rf6+ Kg7 26.
Rxg6+ hxg6 27. Rxe8 b5 28. h4 Kf7 29. Rh8 Kg7 30. Rd8 {Black resigns} 1-0

[Event "ICC tourney 2967 (30 10)"]
[Site "Internet Chess Club"]
[Date "2022.07.23"]
[Round "3"]
[White "LIU, ERIC CHANG:el008"]
[Black "MAMMADOV, ZAUR:zaur94"]
[Result "0-1"]
[ICCResult "White resigns"]
[WhiteElo "2037"]
[BlackElo "2552"]
[Opening "French: advance, Paulsen attack"]
[ECO "C02"]
[NIC "FR.03"]
[Time "16:00:04"]
[PlyCount "56"]
[TimeControl "1800+10"]

1. e4 e6 2. d4 d5 3. e5 c5 4. c3 Nc6 5. Nf3 Qb6 6. a3 Bd7 7. b4 cxd4 8. cxd4
Rc8 9. Bb2 Na5 10. Nbd2 Nc4 11. Bxc4 dxc4 12. Ne4 Bc6 13. Nfd2 Bd5 14. O-O
Qc6 15. Qe2 f5 16. exf6 Nxf6 17. f3 Be7 18. Bc3 O-O 19. a4 a6 20. Nc5 Rce8
21. Nxc4 b6 22. Nxb6 Qxb6 23. Nxa6 Bd6 24. Kh1 Nh5 25. b5 Qd8 26. Bb4 Ng3+
27. hxg3 Bxg3 28. Kg1 Qh4 {White resigns} 0-1

[Event "ICC tourney 2967 (30 10)"]
[Site "Internet Chess Club"]
[Date "2022.07.23"]
[Round "3"]
[White "LEE, JUSTIN:SMJ07"]
[Black "HEBDEN, MARK L:mhebden"]
[Result "1/2-1/2"]
[ICCResult "Game drawn because neither player has mating material"]
[WhiteElo "1984"]
[BlackElo "2519"]
[Opening "King's Indian: Sämisch, Panno formation"]
[ECO "E83"]
[NIC "KI.52"]
[Time "16:00:39"]
[PlyCount "102"]
[TimeControl "1800+10"]

1. d4 Nf6 2. c4 g6 3. Nc3 Bg7 4. e4 d6 5. f3 O-O 6. Nge2 a6 7. Be3 Nc6 8.
Qd2 Na5 9. Ng3 b5 10. cxb5 axb5 11. Bxb5 Nb3 12. Qd1 Nxa1 13. Qxa1 Ba6 14.
Bc6 Rb8 15. Qc1 Nd7 16. h4 Rb4 17. h5 Nb8 18. Ba4 c5 19. Bh6 Bxd4 20. hxg6
fxg6 21. Bxf8 Qxf8 22. Bb3+ Rxb3 23. axb3 Nc6 24. Qh6 Qf7 25. Nge2 Bh8 26.
Kf2 Nb4 27. Nd5 Nxd5 28. exd5 Bxb2 29. g3 Bb7 30. Nf4 Be5 31. Kg2 Bxf4 32.
Qxf4 Qxf4 33. gxf4 Bxd5 34. Rb1 Kf7 35. b4 cxb4 36. Rxb4 h5 37. Rb8 Be6 38.
Rh8 Bf5 39. Kf2 e6 40. Ke3 Kg7 41. Rd8 d5 42. Kd4 h4 43. Ke5 h3 44. Ra8 Bd3
45. Ra7+ Kh6 46. Ra8 g5 47. fxg5+ Kxg5 48. Kxe6 Be2 49. Rh8 Bxf3 50. Rxh3
Bg4+ 51. Kxd5 Bxh3 {Game drawn because neither player has mating material}
1/2-1/2

[Event "ICC tourney 2967 (30 10)"]
[Site "Internet Chess Club"]
[Date "2022.07.23"]
[Round "3"]
[White "GU, CRYSTAL JIUZHOU:fantasymoon"]
[Black "Turcotte, Jonathan:JonnyTurgi"]
[Result "0-1"]
[ICCResult "White resigns"]
[WhiteElo "1739"]
[BlackElo "2100"]
[Opening "QGD Slav defense"]
[ECO "D10"]
[NIC "SL.01"]
[Time "16:00:32"]
[PlyCount "122"]
[TimeControl "1800+10"]

1. d4 d5 2. c4 c6 3. Qc2 Nf6 4. g3 dxc4 5. Qxc4 b5 6. Qd3 e6 7. Bg2 Bb7 8.
Nf3 Nbd7 9. O-O Be7 10. Nc3 a6 11. e4 O-O 12. Bg5 c5 13. dxc5 Nxc5 14. Qxd8
Rfxd8 15. e5 Nd5 16. Nxd5 Bxg5 17. Nxg5 Bxd5 18. Rac1 Bxg2 19. Kxg2 Nd3 20.
Rc7 Nxe5 21. f4 Nc4 22. Re1 Rd2+ 23. Kg1 Nd6 24. Rec1 h6 25. Nf3 Rxb2 26.
Rd7 Nc4 27. a3 Rb3 28. Ne5 Nxe5 29. fxe5 Rxa3 30. Rcc7 Rf8 31. Rb7 Ra4 32.
Ra7 b4 33. Rdb7 a5 34. Rb5 Ra3 35. g4 b3 36. h4 a4 37. g5 hxg5 38. hxg5 Kh7
39. Rbb7 Kg6 40. Rb4 Ra2 41. Raxa4 Rxa4 42. Rxa4 Rb8 43. Ra1 b2 44. Rb1 Kxg5
45. Kf2 Kf5 46. Ke2 Kxe5 47. Kd2 g5 48. Kc2 g4 49. Re1+ Kf5 50. Kb1 Rb7 51.
Rf1+ Kg5 52. Rg1 f5 53. Rg2 f4 54. Rg1 g3 55. Rf1 g2 56. Re1 Kf5 57. Rd1 f3
58. Rg1 Kf4 59. Rd1 f2 60. Rd4+ Ke3 61. Rd1 f1=Q {White resigns} 0-1

[Event "ICC tourney 2967 (30 10)"]
[Site "Internet Chess Club"]
[Date "2022.07.23"]
[Round "3"]
[White "WU, JAYDEN:SparkyNinja"]
[Black "LIANG, YU-CHENG:Yucheng"]
[Result "0-1"]
[ICCResult "White resigns"]
[WhiteElo "1785"]
[BlackElo "2038"]
[Opening "Caro-Kann: classical, Spassky variation"]
[ECO "B19"]
[NIC "CK.12"]
[Time "16:00:23"]
[PlyCount "88"]
[TimeControl "1800+10"]

1. e4 c6 2. d4 d5 3. Nc3 dxe4 4. Nxe4 Bf5 5. Ng3 Bg6 6. h4 h6 7. Nf3 Nd7 8.
h5 Bh7 9. Bd3 Bxd3 10. Qxd3 e6 11. Bf4 Qa5+ 12. Bd2 Qc7 13. O-O-O Ngf6 14.
Ne4 O-O-O 15. Qe2 Nxe4 16. Qxe4 Nf6 17. Qe2 Bd6 18. Kb1 Bf4 19. Bxf4 Qxf4
20. Qe5 Qg4 21. Qc5 Ne4 22. Ne5 Qxd1+ 23. Rxd1 Nxc5 24. Nxf7 Nd7 25. Nxh8
Rxh8 26. Re1 Rf8 27. f3 Rf6 28. c3 Kc7 29. Kc2 Kd6 30. Re3 Nb6 31. g4 Nd5
32. Rd3 Nf4 33. Rd2 Nh3 34. Rd3 Ng5 35. Kd2 Rxf3 36. Rxf3 Nxf3+ 37. Ke3 Ng5
38. Kf4 Kd5 39. b3 b5 40. a3 a5 41. Ke3 e5 42. a4 exd4+ 43. cxd4 bxa4 44.
bxa4 Ne6 {White resigns} 0-1

[Event "ICC tourney 2967 (30 10)"]
[Site "Internet Chess Club"]
[Date "2022.07.23"]
[Round "3"]
[White "ARUTLA, ADITYA:adiaru27"]
[Black "SHEEHAN, ETHAN THOMAS:Chessking2008"]
[Result "0-1"]
[ICCResult "White checkmated"]
[WhiteElo "1747"]
[BlackElo "2255"]
[Opening "Caro-Kann: two knights variation"]
[ECO "B10"]
[NIC "CK.01"]
[Time "16:00:33"]
[PlyCount "162"]
[TimeControl "1800+10"]

1. e4 c6 2. Nf3 d5 3. Nc3 dxe4 4. Nxe4 Nf6 5. Qe2 Nxe4 6. Qxe4 Qd5 7. Qh4
Bf5 8. Bc4 Qd6 9. O-O e6 10. d3 Be7 11. Qg3 Qxg3 12. hxg3 Bf6 13. Rd1 Nd7
14. Nh4 Bg4 15. Re1 g5 16. Nf3 Bxf3 17. gxf3 Ne5 18. Kg2 Nxc4 19. dxc4 O-O-O
20. c3 h5 21. Be3 b6 22. Rad1 h4 23. Rxd8+ Rxd8 24. Rh1 Kc7 25. f4 gxf4 26.
Bxf4+ e5 27. Be3 hxg3 28. Kxg3 Kd7 29. Rh6 Ke7 30. Kg4 Bg7 31. Rxc6 Kd7 32.
Bxb6 axb6 33. Rxb6 Kc7 34. Rb5 Rd6 35. Rc5+ Kb6 36. Rd5 Rg6+ 37. Kf5 Rf6+
38. Kxe5 Rxf2+ 39. Kd6 Bf8+ 40. Kd7 Rxb2 41. Ke8 Bc5 42. Kxf7 Rxa2 43. Rh5
Re2 44. Rh6+ Kc7 45. Rh5 Kc6 46. Kf6 Re4 47. Rd5 Rxc4 48. Rd3 Re4 49. Kf5
Re1 50. Kf4 Kb5 51. Rd8 Kc4 52. Rc8 Rc1 53. Kf3 Rxc3+ 54. Ke2 Ra3 55. Kd2
Ra2+ 56. Kc1 Rh2 57. Rc7 Kb4 58. Kd1 Kc4 59. Kc1 Kd4 60. Kb1 Bb4 61. Rc2
Rh1+ 62. Rc1 Rh3 63. Rc8 Bc3 64. Kc2 Rh2+ 65. Kb3 Rb2+ 66. Ka4 Kd3 67. Rc5
Kc2 68. Rh5 Rb4+ 69. Ka3 Rc4 70. Rb5 Rc8 71. Rb2+ Bxb2+ 72. Kb4 Bc3+ 73. Kb5
Kb3 74. Kb6 Rc4 75. Kb7 Kb4 76. Kb8 Kb5 77. Kb7 Be5 78. Ka7 Rc7+ 79. Ka8 Kb6
80. Kb8 Rc1+ 81. Ka8 Ra1# {White checkmated} 0-1

[Event "ICC tourney 2967 (30 10)"]
[Site "Internet Chess Club"]
[Date "2022.07.23"]
[Round "3"]
[White "TAO, SIHAN:K06-16931716"]
[Black "PANG, ASHLEY:redhawk2020"]
[Result "0-1"]
[ICCResult "White resigns"]
[WhiteElo "1894"]
[BlackElo "1984"]
[Opening "Petrov: Nimzovich attack"]
[ECO "C42"]
[NIC "RG.03"]
[Time "16:00:38"]
[PlyCount "114"]
[TimeControl "1800+10"]

1. e4 e5 2. Nf3 Nf6 3. Nxe5 d6 4. Nf3 Nxe4 5. Nc3 Nxc3 6. dxc3 Be7 7. Be3
Nd7 8. Qd2 O-O 9. O-O-O Nf6 10. Bd3 c5 11. Kb1 Qa5 12. c4 Qxd2 13. Nxd2 d5
14. Bg5 Be6 15. Bxf6 Bxf6 16. cxd5 Bxd5 17. Be4 Be6 18. Bf3 Rab8 19. Ne4 Be7
20. Rhe1 b5 21. Nc3 c4 22. Bd5 b4 23. Na4 Rbd8 24. Bxe6 fxe6 25. f3 Kf7 26.
b3 c3 27. a3 bxa3 28. Nxc3 Bb4 29. Re3 Rxd1+ 30. Nxd1 Rd8 31. Rd3 Rxd3 32.
cxd3 Kf6 33. Ka2 Ke5 34. Ne3 Kf4 35. Nc2 a5 36. d4 h5 37. Kb1 h4 38. Ka2 h3
39. gxh3 g5 40. Nxa3 Kxf3 41. Nb5 Kg2 42. Nc7 Kxh3 43. Nxe6 g4 44. Kb2 Kxh2
45. Kc2 g3 46. Nf4 g2 47. Ne2 g1=Q 48. Nxg1 Kxg1 49. Kd3 Kf2 50. d5 Kf3 51.
Kd4 Kf4 52. Kd3 Ke5 53. Kc4 Ke4 54. Kb5 Kxd5 55. Ka4 Kd4 56. Kb5 Kc3 57. Ka4
Kb2 {White resigns} 0-1

[Event "ICC tourney 2967 (30 10)"]
[Site "Internet Chess Club"]
[Date "2022.07.23"]
[Round "3"]
[White "LOCHAM, DIVJOT SINGH:winner08"]
[Black "SARAFUDINOV, ANDREY:whyyoutrysohard"]
[Result "0-1"]
[ICCResult "White checkmated"]
[WhiteElo "1750"]
[BlackElo "1507"]
[Opening "Scandinavian (center counter) defense"]
[ECO "B01"]
[NIC "SD.02"]
[Time "16:00:37"]
[PlyCount "128"]
[TimeControl "1800+10"]

1. e4 d5 2. exd5 Qxd5 3. Nc3 Qd8 4. Nf3 Nf6 5. d4 Bg4 6. h3 Bh5 7. g4 Bg6 8.
Ne5 e6 9. Bg2 c6 10. h4 Bb4 11. h5 Be4 12. f3 Bd5 13. a3 Bxc3+ 14. bxc3 c5
15. h6 gxh6 16. Rxh6 Ng8 17. Rh5 Nd7 18. Qe2 Nxe5 19. Rxe5 Qh4+ 20. Kd1
O-O-O 21. Bg5 Qh2 22. Bxd8 Kxd8 23. Bf1 Qg3 24. Bg2 Ne7 25. Re3 Ng6 26. Bh1
h5 27. g5 Nf4 28. Qe1 Qxg5 29. Kc1 Qf6 30. Qd2 Rg8 31. Kb2 Bc6 32. Rf1 Nd5
33. Re5 Nb6 34. dxc5+ Kc8 35. cxb6 Qxe5 36. bxa7 Qb5+ 37. Ka1 Qa5 38. Qc1
Qxa7 39. Qb2 Rg5 40. Qb4 Qc5 41. f4 Qxb4 42. cxb4 Rg7 43. Bxc6 bxc6 44. a4
h4 45. a5 h3 46. Rh1 Rh7 47. Kb2 Kb7 48. Kb3 f6 49. c4 h2 50. Ka4 e5 51. b5
exf4 52. Kb4 cxb5 53. Kxb5 f3 54. c5 f2 55. c6+ Kc7 56. a6 f1=Q+ 57. Rxf1
h1=Q 58. Rxf6 Rh5+ 59. Kc4 Qe4+ 60. Kc3 Rh3+ 61. Kd2 Qe3+ 62. Kd1 Rh1+ 63.
Kc2 Rh2+ 64. Kd1 Qd2# {White checkmated} 0-1

[Event "ICC tourney 2967 (30 10)"]
[Site "Internet Chess Club"]
[Date "2022.07.23"]
[Round "3"]
[White "GUSEINOV, GADIR:GGuseinov"]
[Black "Nguyen, Hoa Duc:leoman"]
[Result "1-0"]
[ICCResult "Black resigns"]
[WhiteElo "2718"]
[BlackElo "2475"]
[Opening "Sicilian: Taimanov variation"]
[ECO "B48"]
[NIC "SI.40"]
[Time "16:00:51"]
[PlyCount "99"]
[TimeControl "1800+10"]

1. e4 c5 2. Nc3 e6 3. Nf3 Nc6 4. d4 cxd4 5. Nxd4 Qc7 6. Be3 a6 7. Qd2 Nf6 8.
f4 d6 9. Be2 Be7 10. O-O-O O-O 11. g4 Nxd4 12. Bxd4 b5 13. g5 Nd7 14. f5 Ne5
15. f6 Bd8 16. fxg7 Re8 17. Rhf1 Bb7 18. Bxe5 dxe5 19. Bh5 Re7 20. g6 fxg6
21. Qf2 Rf7 22. Qxf7+ Qxf7 23. Rxf7 Kxf7 24. Rd7+ Be7 25. Bg4 b4 26. Rxb7
bxc3 27. bxc3 Re8 28. Be2 a5 29. Bb5 Rg8 30. c4 Kf6 31. Kb2 Rxg7 32. Kb3 h5
33. Ka4 g5 34. c5 Bxc5 35. Rxg7 Kxg7 36. Kxa5 Kf8 37. Be2 g4 38. Kb5 Bg1 39.
c4 Ke7 40. Kc6 Bxh2 41. a4 Bg1 42. a5 Kd8 43. c5 g3 44. Bf1 Be3 45. a6 Bxc5
46. Kxc5 Kc7 47. Bh3 h4 48. Bf1 Kb8 49. Kb6 Ka8 50. Bb5 {Black resigns} 1-0

[Event "ICC tourney 2967 (30 10)"]
[Site "Internet Chess Club"]
[Date "2022.07.23"]
[Round "3"]
[White "DAS, ROHAN:caracal"]
[Black "QI, JENNY:eevee11"]
[Result "1/2-1/2"]
[ICCResult "Game drawn by repetition"]
[WhiteElo "1860"]
[BlackElo "1466"]
[Opening "Grünfeld: exchange variation"]
[ECO "D85"]
[NIC "GI.04"]
[Time "16:00:05"]
[PlyCount "138"]
[TimeControl "1800+10"]

1. d4 Nf6 2. c4 g6 3. Nc3 d5 4. cxd5 Nxd5 5. e4 Nxc3 6. bxc3 Bg7 7. Be3 c5
8. Qd2 Qa5 9. Nf3 Nc6 10. Rb1 a6 11. Rc1 cxd4 12. cxd4 Qxd2+ 13. Kxd2 O-O
14. d5 Ne5 15. Nxe5 Bxe5 16. g3 e6 17. f4 Bg7 18. dxe6 Bxe6 19. Bc4 Rfd8+
20. Ke2 Bxc4+ 21. Rxc4 Rd7 22. Rhc1 Rad8 23. Rc8 Bd4 24. Rxd8+ Rxd8 25. Rd1
Bf6 26. Rxd8+ Bxd8 27. Kd3 Kf8 28. Kc4 Ke7 29. Kd5 Kd7 30. Bc5 Ba5 31. g4
Bc7 32. e5 Ba5 33. f5 Bc7 34. h3 Bd8 35. a4 Ba5 36. f6 Bc7 37. Bb4 Bb6 38.
a5 Bc7 39. Bc3 Bd8 40. Bb4 Bc7 41. g5 Bd8 42. e6+ fxe6+ 43. Ke4 Ke8 44. Ke5
Kf7 45. Kd6 b6 46. axb6 Bxb6 47. Bc5 Ba5 48. Be3 Bc3 49. Kc5 a5 50. Kb5 e5
51. Kc4 Be1 52. Kd5 Bg3 53. h4 a4 54. Bc1 Bxh4 55. Kxe5 a3 56. Bxa3 Bxg5 57.
Ke4 h5 58. Kf3 Bxf6 59. Bc1 Ke6 60. Ke4 h4 61. Kf4 Be5+ 62. Kg4 Bg3 63. Bg5
Ke5 64. Bd8 Ke4 65. Bg5 Bf2 66. Bd8 Be1 67. Bg5 Bf2 68. Bd8 Be1 69. Bg5 Bf2
{Game drawn by repetition}
1/2-1/2

[Event "ICC tourney 2967 (30 10)"]
[Site "Internet Chess Club"]
[Date "2022.07.23"]
[Round "4"]
[White "MAMMADOV, ZAUR:zaur94"]
[Black "Mitrabha, Guha:babysnake"]
[Result "1/2-1/2"]
[ICCResult "Game drawn by mutual agreement"]
[WhiteElo "2552"]
[BlackElo "2468"]
[Opening "Caro-Kann defense"]
[ECO "B10"]
[NIC "CK.01"]
[Time "18:00:18"]
[PlyCount "46"]
[TimeControl "1800+10"]

1. e4 c6 2. Nf3 d5 3. exd5 cxd5 4. c4 Nf6 5. cxd5 Nxd5 6. Nc3 Nc6 7. Bb5 g6
8. Qb3 e6 9. d4 Bg7 10. Bg5 Ne7 11. O-O O-O 12. Bxc6 bxc6 13. Ne4 f6 14. Bd2
Qd5 15. Nc5 Qxb3 16. axb3 Nd5 17. Ra5 Rf7 18. Rfa1 Bf8 19. Ne1 Bxc5 20. Rxc5
Rb7 21. Ra3 Bd7 22. Nd3 Rab8 23. b4 Nc7 {Game drawn by mutual agreement}
1/2-1/2

[Event "ICC tourney 2967 (30 10)"]
[Site "Internet Chess Club"]
[Date "2022.07.23"]
[Round "4"]
[White "DUBE, DANIEL:betterone76"]
[Black "PARAGUA, MEGAN ALTHEA:PrincessOfChess"]
[Result "1-0"]
[ICCResult "Black resigns"]
[WhiteElo "1850"]
[BlackElo "1697"]
[Opening "Trompowsky attack (Ruth, Opocenský opening)"]
[ECO "A45"]
[NIC "QP.07"]
[Time "18:00:04"]
[PlyCount "99"]
[TimeControl "1800+10"]

1. d4 Nf6 2. Bg5 d5 3. Nd2 e6 4. e3 Be7 5. Be2 O-O 6. Ngf3 b6 7. O-O Bb7 8.
c3 Nbd7 9. Bd3 Ne4 10. Bxe7 Qxe7 11. a4 c5 12. Bb5 Rfd8 13. Bxd7 Rxd7 14. a5
Qd8 15. a6 Bc6 16. Ne5 Rd6 17. Nxe4 dxe4 18. Qh5 Be8 19. Nc4 Rd5 20. Qg4 Bb5
21. b3 f5 22. Qg3 cxd4 23. cxd4 Rc8 24. Rfc1 Rd7 25. Qe5 Bxc4 26. bxc4 Rc6
27. h3 Qc8 28. c5 Rd5 29. Qf4 bxc5 30. Rcb1 Rd8 31. Rb7 Rxa6 32. Rc7 Rxa1+
33. Kh2 Qb8 34. Qe5 Rd7 35. Qxe6+ Kh8 36. Qxd7 Qxc7+ 37. Qxc7 h6 38. Qc8+
Kh7 39. Qxf5+ Kg8 40. dxc5 Rc1 41. Qe6+ Kh8 42. c6 a5 43. Qe8+ Kh7 44. Qd7
a4 45. c7 a3 46. c8=Q Rxc8 47. Qxc8 a2 48. Qa6 a1=Q 49. Qxa1 Kg6 50. Qe5
{Black resigns}
1-0

[Event "ICC tourney 2967 (30 10)"]
[Site "Internet Chess Club"]
[Date "2022.07.23"]
[Round "4"]
[White "HEBDEN, MARK L:mhebden"]
[Black "Turcotte, Jonathan:JonnyTurgi"]
[Result "1-0"]
[ICCResult "Black resigns"]
[WhiteElo "2519"]
[BlackElo "2100"]
[Opening "QGD Slav: 4.e3 Bf5"]
[ECO "D12"]
[NIC "QP.08"]
[Time "18:00:06"]
[PlyCount "79"]
[TimeControl "1800+10"]

1. d4 d5 2. Nf3 Nf6 3. c4 c6 4. e3 Bf5 5. cxd5 cxd5 6. Qb3 Qc7 7. Bd2 Nc6 8.
Bb5 e6 9. O-O Bd6 10. Bb4 O-O 11. Bxc6 bxc6 12. Nbd2 Rab8 13. Bxd6 Qxd6 14.
Qc3 Rfc8 15. Rfc1 Nd7 16. Nb3 h6 17. Qa5 Rb7 18. Qa6 Rbc7 19. Nc5 Nxc5 20.
Rxc5 Be4 21. Nd2 Bg6 22. Rac1 f6 23. b4 Be8 24. Nb3 e5 25. a3 Bd7 26. R5c3
Qe7 27. Qd3 f5 28. dxe5 Qxe5 29. Qd4 Qd6 30. Nc5 Be8 31. h4 g5 32. Nd3 Bg6
33. Qe5 Qxe5 34. Nxe5 Be8 35. Rc5 a6 36. hxg5 hxg5 37. Nf3 g4 38. Nd4 Bd7
39. b5 axb5 40. Nxb5 {Black resigns} 1-0